 Dungeon Crawl Stone Soup version 0.31-a0-354-g827e0957a7 (webtiles) character file.

Game seed: 18007885727609526581

144 promet the Sneak (level 5, -2/27 HPs)
             Began as a Spriggan Brigand on July 23, 2023.
             Was an Initiate of Makhleb.
             Killed by nerve-wracking pain
             ... invoked by Grinder
              (12 damage)
             ... on level 3 of the Dungeon.
             The game lasted 00:15:29 (3789 turns).

promet the Sneak (Spriggan Brigand)                 Turns: 3789, Time: 00:15:30

Health: -2/27      AC:  3    Str:  7    XL:     5   Next: 5%
Magic:  6/6        EV: 16    Int: 14    God:    Makhleb [......]
Gold:   172        SH:  0    Dex: 17    Spells: 3/4 levels left

rFire   . . .        b - +0 sling
rCold   + . .        (no shield)
rNeg    . . .        g - +0 robe
rPois   .            (helmet restricted)
rElec   .            c - +0 cloak
rCorr   .            (gloves unavailable)
SInv    +            (boots unavailable)
Will    .....        (no amulet)
Stlth   ++++         h - ring of protection from cold
HPRegen 0.24/turn    (no ring)
MPRegen 0.10/turn

%: no passive effects
@: about to teleport, very quick
A: very small, no large weapons, unfitting armour, see invisible, speed 3
a: Renounce Religion


You were on level 3 of the Dungeon.
You worshipped Makhleb.
Makhleb was noncommittal.
You visited 1 branch of the dungeon, and saw 3 of its levels.

You collected 172 gold pieces.

Inventory:

Hand Weapons
 a - a +2 dagger
 b - a +0 sling (weapon)
 l - a +0 spear
Missiles
 d - 9 poisoned darts
 e - 2 curare-tipped darts
 j - 25 stones
Armour
 c - a +0 cloak (worn)
 g - a +0 robe (worn)
Jewellery
 h - a ring of protection from cold (left hand)
Talismans
 k - a beast talisman
Scrolls
 i - a scroll of teleportation
Potions
 f - 2 potions of cancellation
 m - a potion of heal wounds {unknown}
 n - 2 potions of curing
 p - a potion of haste {unknown}
 q - a potion of might


   Skills:
 * Level 2.4 Fighting
 + Level 2.7 Short Blades
 + Level 2.7 Ranged Weapons
 + Level 2.0 Throwing
 + Level 1.5 Dodging
 + Level 7.0 Stealth


You had 3 spell levels left.
You knew the following spells:

 Your Spells              Type           Power      Damage    Failure   Level
a - Shock                 Conj/Air       0%         1d3       28%         1

Your spell library contained the following spells:

 Spells                   Type           Power      Damage    Failure   Level
 Slow                     Hex            0%         N/A       28%         1
 Confusing Touch          Hex            0%         N/A       65%         3
 Swiftness                Air            0%         N/A       65%         3
 Vampiric Draining        Necr           0%         2d6       65%         3
 Airstrike                Air            0%         2d(0-16)  96%         4


Dungeon Overview and Level Annotations

Branches:
Dungeon (3/15)

Altars:
Makhleb
Yredelemnul

Annotations:
D:3 1 runed translucent door, Grinder; porpoise's ghost, weakling DrSh


Innate Abilities, Weirdness & Mutations

You are very small and have problems with some larger weapons.
You are too small for most types of armour.
You have supernaturally acute eyesight. (SInv)
You cover ground extremely quickly. (Speed+++)


Message History

Grinder is moderately wounded.
You shoot a sling bullet. The sling bullet barely misses Grinder.
Grinder gestures at you. Pain shoots through your body!
You shoot a sling bullet.
The sling bullet hits Grinder but does no damage.
Grinder is moderately wounded.
Grinder blinks!
You shoot a sling bullet.
The sling bullet closely misses Grinder.
Grinder gestures at you.
You suddenly lose the ability to move!
Grinder blinks!
Grinder hits you.
You can move again.
Unknown command.
Grinder gestures at you. You resist with some effort.
Grinder blinks!
e - 2 curare-tipped darts Grinder gestures at you.
You suddenly lose the ability to move!
You can move again.
Grinder blinks!
Grinder gestures at you. Pain shoots through your body!
* * * LOW HITPOINT WARNING * * *
Found a pink potion.
Grinder gestures at you. You resist with some effort. Grinder gestures at you.
You suddenly lose the ability to move!
Grinder gestures at you. You resist with some effort.
You can move again.
As you read the scroll of teleportation, it crumbles to dust.
You feel strangely unstable. Grinder gestures at you.
Pain shoots through your body!
You die...

#####.#
#########......#
..!.....@.......
###..#.#.####.#
#............
##.#.#.###..#
#..5..# #..#
###.#.# #..####
### #.#.###..#.)
..# #....##....#
#.. ###
##.....#.##.#
#.##


You could see Grinder.

Vanquished Creatures
  An orc priest (D:2)
  An orc wizard (D:2)
  A gnoll (D:1)
  An adder (D:2)
  2 worms (D:2)
  3 dart slugs
  2 orcs
  7 endoplasms
  2 giant cockroaches (D:2)
  A goblin (D:1)
  6 hobgoblins
  3 kobolds
  2 quokkas
  5 ball pythons
  10 bats
  4 frilled lizards
  7 rats
58 creatures vanquished.

Notes
Turn   | Place    | Note
-------+----------+-------------------------------------------
     0 | D:1      | promet the Spriggan Brigand began the quest for the Orb.
     0 | D:1      | Reached XP level 1. HP: 10/10 MP: 2/2
    22 | D:1      | Reached skill level 6 in Stealth
   457 | D:1      | Reached XP level 2. HP: 14/14 MP: 3/3
   854 | D:1      | Reached XP level 3. HP: 18/18 MP: 4/4
   856 | D:1      | Learned a level 1 spell: Shock
  1243 | D:1      | Reached skill level 1 in Ranged Weapons
  1873 | D:2      | Reached skill level 7 in Stealth
  1878 | D:2      | Found a faded altar of an unknown god.
  2146 | D:2      | Reached XP level 4. HP: 22/23 MP: 5/5
  2905 | D:3      | Noticed Grinder
  3404 | D:2      | Reached XP level 5. HP: 18/27 MP: 6/6
  3515 | D:3      | Found a basalt altar of Yredelemnul.
  3515 | D:3      | Found a burning altar of Makhleb.
  3527 | D:3      | Became a worshipper of Makhleb the Destroyer
  3584 | D:3      | Found a runed translucent door.
  3588 | D:3      | Noticed porpoise's ghost (weakling DrSh)
  3725 | D:3      | Paralysed by Grinder for 2 turns
  3749 | D:3      | Paralysed by Grinder for 5 turns
  3770 | D:3      | Paralysed by Grinder for 5 turns
  3783 | D:3      | Paralysed by Grinder for 3 turns
  3789 | D:3      | Killed from afar by Grinder

Illustrated notes

Levels and vault maps discovered:
D:1:      wander_arrival_desolate, layout_basic, grunt_decor_mini_mirrors
D:2:      layout_basic, dreamdust_ecumenical_altar_sealed_demon
D:3:      layout_loops_ring, gammafunk_temple_overflow_elements,
          ebering_ghost_sewer_d, uniq_grinder

Skill      XL: |  1  2  3  4 |
---------------+-------------+-----
Stealth        | 6 7 |  7.0
Ranged Weapons | 1 2 |  2.7
Fighting       | 2 |  2.4
Short Blades   | |  2.7
Throwing       | |  2.0
Dodging        | |  1.5

Action                     |  1- 3 |  4- 6 || total
---------------------------+-------+-------++-------
  Melee: Dagger            |    47 |    15 ||    62
         Punch             |     1 |       ||     1
   Fire: Sling             |    78 |    85 ||   163
  Throw: Dart              |       |    14 ||    14
    Use: Scroll            |     5 |     1 ||     6
   Stab: Sleeping          |     5 |       ||     5
 Armour: Robe              |    21 |     5 ||    26
  Dodge: Dodged            |    53 |    28 ||    81

Table legend: (Time is in decaauts)
 A = Elapsed time spent in this place.
 B = Non-inter-level travel time spent in this place.
 C = Inter-level travel time spent in this place.
 D = Time resting spent in this place.
 E = Time spent auto-exploring this place.
 F = Levels seen in this place.
 G = Mean time per level.
                   A        B        C        D        E       F      G
               +--------+--------+--------+--------+--------+-----+--------+
         Total |   2865 |   2774 |     91 |    950 |    712 |   3 |  955.0 |
       Dungeon |   2865 |   2774 |     91 |    950 |    712 |   3 |  955.0 |
               +--------+--------+--------+--------+--------+-----+--------+

Top non-repeatable levels by time:
     D:2: 1557 daAuts
     D:1: 1100 daAuts
     D:3: 207 daAuts
